 Dungeon Crawl Stone Soup version 0.13.0-3-g966e3ec (webtiles) character file.

667 MDvedh the Basher (level 6, -2/61 HPs)
             Began as an Ogre Wanderer on Oct 13, 2013.
             Was an Initiate of Okawaru.
             Slain by an ogre
             ... wielding a +0,+0 great mace
              (18 damage)
             ... on Level 4 of the Dungeon.
             The game lasted 00:10:08 (3751 turns).

MDvedh the Basher (Ogre Wanderer)                   Turns: 3751, Time: 00:10:08

HP  -2/61        AC  5     Str 17      XL: 6   Next: 93%
MP   6/6         EV  9     Int 14      God: Okawaru [......]
Gold 250         SH  0     Dex  9      Spells:  0 memorised,  5 levels left

Res.Fire  : + . .   See Invis. : .   a - +2,+4 mace
Res.Cold  : + . .   Warding    : .   t - +1 robe {rC+ rF+}
Life Prot.: . . .   Conserve   : .   (shield restricted)
Res.Poison: .       Res.Corr.  : .   (helmet restricted)
Res.Elec. : .       Clarity    : .   r - +0 cloak
Sust.Abil.: . .     Spirit.Shd : .   (gloves unavailable)
Res.Mut.  : .       Stasis     : .   (boots unavailable)
Res.Rott. : .       Flight     : .   (no amulet)
Saprovore : + . .                    (no ring)
                                     (no ring)

@: slightly resistant to hostile enchantments, very unstealthy
A: unfitting armour, fast metabolism 1, saprovore 1, tough skin 1
a: Renounce Religion


You were on level 4 of the Dungeon.
You worshipped Okawaru.
Okawaru was noncommittal.
You were not hungry.

You visited 2 branches of the dungeon, and saw 5 of its levels.

You collected 200 gold pieces.

Inventory:

Hand weapons
 a - a +2,+4 mace (weapon)
Armour
 r - a +0 cloak (worn)
 t - a +1 robe of resistance (worn)
Magical devices
 h - a wand of digging (10)
 i - a wand of digging (2)
Comestibles
 c - 2 meat rations
 d - 3 bread rations
 j - 10 sultanas
Scrolls
 e - 2 scrolls of remove curse
 f - 2 scrolls of random uselessness
 g - 2 scrolls of teleportation
 k - a scroll of enchant weapon II
Potions
 b - a potion of might
 l - 3 potions of heal wounds
 m - a potion of poison {unknown}
 n - a potion of curing {unknown}
 p - a potion of beneficial mutation {unknown}


   Skills:
 - Level 7.9 Fighting
 + Level 9.4 Maces & Flails
 - Level 2.1 Throwing


You had 5 spell levels left.
You didn't know any spells.

Dungeon Overview and Level Annotations

Branches:
Dungeon (4/27)             Temple (1/1) D:4

Altars:
Ashenzari
Cheibriados
Elyvilon
Fedhas
Kikubaaqudgha
Makhleb
Nemelex Xobeh
Okawaru
Sif Muna
Trog
Vehumet
Xom
Yredelemnul
Zin
the Shining One


Innate Abilities, Weirdness & Mutations

You are too large for most types of armour.
You have a fast metabolism.
You can tolerate rotten meat.
You have tough skin (AC +1).


Message History

The ogre hits the plant with a great mace!
You hit the orc.
The orc is heavily wounded.
The orc hits you but does no damage.
You sock the orc!
You kill the orc!
Okawaru accepts your kill.
You hit the kobold.
You kill the kobold!
Okawaru accepts your kill.
Unknown command.
You sock the kobold!
You kill the kobold!
Okawaru accepts your kill.
You completely miss the ogre. The ogre hits you with a great mace!
* * * LOW HITPOINT WARNING * * *
You sock the ogre!
The ogre is heavily wounded.
The ogre hits you with a great mace!
You die...

##P....O.K.......≈≈≈,,≈,,,,,,,,,,
.#..############.♣≈P≈≈≈**********
.#Pz#############.♣≈≈≈,**
##.O............,.,,,*,,*********
................,,,,,,,,,,,,,,,,,
####K.K#########****,************
####...# ####### *,############
......)###P..P.#####.............
.............P.O@................
.>.....#.#P.>zP###########.......
.......#...P.P.# #...####
.......##..P...# #...#
!......###################...####
..............................)..
.............<...................
##................###############
#................#


You could see an ogre and a kobold skeleton.

Vanquished Creatures
  A phantom (D:4)
  A scorpion (D:4)
  Crazy Yiuf (D:3)
  An orc priest (D:4)
  An iguana (D:4)
  2 orc wizards (D:4)
  Ijyb (D:4)
  Jessica (D:2)
  4 adders
  2 worms
  A giant gecko (D:3)
  4 orcs
  6 giant cockroaches
  7 hobgoblins
  9 jackals
  3 quokkas
  6 bats
  A giant newt (D:2)
  9 goblins
  A jackal zombie (D:3)
  16 kobolds
  9 rats
87 creatures vanquished.

Notes
Turn   | Place    | Note
--------------------------------------------------------------
     0 | D:1      | MDvedh, the Ogre Wanderer, began the quest for the Orb.
     0 | D:1      | Reached XP level 1. HP: 18/18 MP: 1/1
   160 | D:1      | Reached XP level 2. HP: 24/27 MP: 2/2
   622 | D:1      | Reached XP level 3. HP: 29/35 MP: 3/3
  1164 | D:2      | Reached skill level 5 in Maces & Flails
  1375 | D:2      | Noticed Jessica
  1381 | D:2      | Killed Jessica
  1381 | D:2      | Reached XP level 4. HP: 42/44 MP: 4/4
  1677 | D:3      | Found a basalt altar of Yredelemnul.
  1772 | D:3      | Noticed Crazy Yiuf
  1787 | D:3      | HP: 2/44 [Crazy Yiuf/quarterstaff of chaos (7)]
  1788 | D:3      | Killed Crazy Yiuf
  2298 | D:3      | Reached XP level 5. HP: 44/52 MP: 5/5
  3107 | D:4      | Found a staircase to the Ecumenical Temple.
  3114 | Temple   | Entered the Ecumenical Temple
  3167 | Temple   | Became a worshipper of Warmaster Okawaru
  3265 | D:4      | Reached skill level 8 in Maces & Flails
  3265 | D:4      | Reached XP level 6. HP: 61/61 MP: 6/6
  3329 | D:4      | Noticed a phantom
  3362 | D:4      | Killed a phantom
  3566 | D:4      | Noticed Ijyb
  3575 | D:4      | Killed Ijyb
  3579 | D:4      | Reached skill level 9 in Maces & Flails
  3710 | D:4      | Noticed an ogre
  3751 | D:4      | Slain by an ogre

Action                   |  1- 3 |  4- 6 || total
-------------------------+-------+-------++-------
Melee: Mace              |    89 |   142 ||   231
Evoke: Wand              |       |     1 ||     1
  Use: Scroll            |       |     9 ||     9
       Potion            |       |     2 ||     2
 Stab: Invisible         |       |     1 ||     1
